Map: Prion Terraces

Players

LilDicky

  • Race: Terran Terran
  • League: Diamond

RorschachINK - Winner!

  • Race: Protoss Protoss

VOD

http://www.twitch.tv/tumescentpie

Description

Time

  • Played on: Dec. 6, 2015, 7:13 p.m.
  • Length: 16:23
Show
View Real Time Build Order
Export as new Build Order

LilDicky Terran 

Build Orders: MMM Bio 

Get SALT Encoding   

  12  0:01  SCV  
  13  0:13  SCV  
  14  0:17  Supply Depot  
  14  0:25  SCV  
  15  0:29  Refinery  
  15  0:39  SCV  
  16  0:46  Barracks  
  16  0:53  SCV  
  17  1:05  SCV  
  18  1:17  SCV  
  20  1:33  Factory  
  20  1:34  Marine  
  20  1:38  Orbital Command  
  20  1:50  Supply Depot  
  20  1:59  Marine  
  21  2:04  SCV  
  21  2:08  Barracks  
  22  2:14  Barracks  
  22  2:21  SCV, Refinery  
  22  2:22  Barracks Reactor  
  23  2:33  SCV  
  24  2:37  Widow Mine  
  26  2:45  SCV  
  26  2:49  Supply Depot  
  27  2:56  Barracks Tech Lab  
  27  3:01  Barracks Tech Lab  
  27  3:02  SCV  
  28  3:05  Marine  
  28  3:06  Marine  
  28  3:07  Widow Mine  
  31  3:17  SCV, Marine  
  31  3:19  Stimpack  
  31  3:20  Combat Shields  
  31  3:23  Marine x2  
  33  3:29  Marine  
  34  3:35  Marine  
  35  3:45  Marine x2  
  37  3:52  Supply Depot  
  37  3:53  Marauder  
  39  3:59  Starport  
  39  4:13  Marine  
  39  4:14  SCV, Marauder  
  43  4:19  Marauder  
  43  4:20  Marine  
  46  4:26  SCV  
  47  4:41  Marine  
  47  4:42  SCV  
  47  4:51  Concussive Shells  
  47  4:57  Supply Depot  
  47  5:06  Supply Depot  
  47  5:07  Supply Depot  
  47  5:17  Marauder x2, Medivac, Marine x2  
  55  5:23  Supply Depot  
  55  5:25  SCV  
  56  5:32  Supply Depot  
  56  5:35  Marine x2  
  58  5:39  Marauder x2  
  54  5:43  Widow Mine  
  56  5:52  Medivac  
  56  5:54  Marine  
  56  5:55  Marine  
  60  6:00  Marauder x2  
  64  6:12  Marine x2  
  66  6:22  Marauder  
  50  6:50  Marine  
  50  6:51  Marauder x2  
  53  7:04  Marine  
  54  7:12  Marauder x2  
  44  7:33  Marine  
  44  7:36  Marine  
  44  7:37  Marine  
  45  7:38  Marine  
  48  7:44  Command Center  
  48  7:50  Barracks  
  48  7:51  Marine  
  50  7:52  Starport Reactor  
  50  7:54  Marine  
  50  7:55  Marauder  
  50  7:56  Marauder  
  55  8:01  Orbital Command  
  54  8:14  Marine  
  55  8:21  Refinery x2  
  55  8:31  SCV  
  56  8:36  Marine  
  57  8:42  Refinery  
  57  8:43  SCV  
  57  8:57  Viking, Medivac  
  57  8:59  Barracks Reactor  
  58  9:22  Marine  
  58  9:23  Marine x3  
  62  9:33  Medivac  
  64  9:40  Marine  
  64  9:41  Marine x3  
  64  9:43  Marine x2  
  70  9:47  Orbital Command  
  70  9:49  Widow Mine  
  72  9:54  Engineering Bay  
  72  9:56  SCV  
  72  9:58  Marine  
  72  9:59  Marine  
  75  10:07  Marine x3  
  75  10:08  SCV, Marauder  
  75  10:10  Medivac  
  83  10:16  Marine  
  83  10:17  Marine  
  83  10:20  SCV  
  86  10:25  Marine x3  
  73  10:51  Marine x6  
  71  11:09  Marine  
  71  11:10  Marauder  
  74  11:12  Marine x3  
  74  11:13  Marauder  
  60  11:26  Marine  
  60  11:30  Marine x3  
  60  11:31  SCV x2  
  66  11:38  Terran Infantry Weapons Level 1, Armory, Engineering Bay  
  68  11:40  Hellion  
  68  11:45  Barracks  
  68  11:46  Barracks, Marine x3  
  58  11:47  Barracks  
  58  11:51  Marine  
  59  11:59  Marine  
  60  12:02  Marine  
  60  12:04  Marine  
  60  12:06  Medivac x2  
  60  12:07  Widow Mine  
  66  12:11  SCV  
  66  12:12  SCV  
  68  12:17  Terran Infantry Armor Level 1  
  68  12:23  Marine x2  
  68  12:24  Marauder  
  72  12:39  Marine  
  72  12:40  Marine x5  
  78  12:45  Marauder  
  78  12:47  Marine x2  
  82  12:57  Marine x2  
  86  12:58  Widow Mine  
  86  13:00  SCV  
  86  13:01  SCV  
  90  13:07  Marauder  
  90  13:09  Marine  
  90  13:10  Marauder  
  90  13:12  SCV, Barracks Reactor  
  94  13:14  Barracks Reactor x2  
  94  13:15  Marine x3  
  94  13:17  Command Center, SCV  
  98  13:24  SCV  
  98  13:26  Medivac x2  
  101  13:29  SCV  
  101  13:30  Factory Reactor  
  102  13:35  Supply Depot, Marauder  
  102  13:37  Supply Depot  
  102  13:39  Marine x2  
  106  13:46  Marine  
  106  13:48  Missile Turret, Marine  
  107  13:49  Marauder  
  107  13:50  Liberator  
  110  13:57  Marauder, Marine  
  110  14:02  Supply Depot  
  113  14:03  Supply Depot, Marine  
  113  14:04  Marine  
  118  14:11  Widow Mine x2  
  118  14:14  Liberator  
  118  14:15  Marine x2  
  124  14:26  Marine x3  
  130  14:31  Supply Depot  
  130  14:49  Planetary Fortress  
  130  14:54  Missile Turret x2  
  130  14:55  SCV x2, Missile Turret  
  130  14:58  Marine x2  
  132  15:00  Marine  
  132  15:06  Medivac  
  135  15:07  SCV  
  136  15:21  Missile Turret  
  136  15:22  Missile Turret  
  130  15:48  Marine x2  
  130  15:49  Marine  
Show
View Real Time Build Order
Export as new Build Order

RorschachINK Protoss - Winner!

Build Orders: 1 Gate Expand, Double Forge 

Get SALT Encoding   

  12  0:01  Probe (Chrono Boost)  
  13  0:12  Probe (Chrono Boost)  
  14  0:20  Pylon  
  14  0:22  Probe (Chrono Boost)  
  15  0:38  Gateway, Probe (Chrono Boost)  
  16  0:46  Assimilator  
  16  0:49  Probe (Chrono Boost)  
  17  0:59  Probe (Chrono Boost)  
  18  1:10  Probe (Chrono Boost)  
  19  1:24  Nexus  
  19  1:29  Probe (Chrono Boost)  
  20  1:39  Probe (Chrono Boost)  
  21  1:42  Assimilator  
  20  1:48  Cybernetics Core  
  20  1:51  Probe (Chrono Boost)  
  21  2:02  Probe (Chrono Boost)  
  22  2:12  Probe (Chrono Boost)  
  22  2:14  Pylon  
  23  2:27  Warp Gate  
  23  2:33  Mothership Core, Adept (Chrono Boost)  
  27  2:54  Probe  
  27  2:57  Stalker (Chrono Boost)  
  30  3:03  Probe  
  31  3:06  Probe  
  31  3:09  Pylon  
  32  3:23  Stalker (Chrono Boost), Robotics Facility  
  34  3:27  Pylon  
  34  3:30  Probe  
  35  3:46  Probe  
  35  3:47  Probe  
  37  3:59  Probe  
  37  4:01  Probe  
  39  4:11  Probe  
  39  4:12  Probe, Pylon  
  39  4:15  Pylon  
  39  4:16  Observer (Chrono Boost)  
  40  4:22  Probe  
  40  4:23  Probe, Gateway  
  42  4:26  Forge  
  42  4:27  Forge  
  42  4:33  Probe  
  42  4:35  Probe  
  44  4:47  Probe, Warp Prism (Chrono Boost)  
  44  4:49  Probe  
  44  4:50  Pylon  
  48  4:55  Pylon  
  48  4:56  Pylon  
  48  5:04  Pylon  
  48  5:12  Sentry  
  48  5:13  Probe, Protoss Ground Weapons Level 1, Protoss Ground Armor Level 1  
  50  5:14  Probe  
  50  5:18  Photon Cannon  
  52  5:42  Mothership Core  
  50  5:43  Probe  
  50  5:49  Immortal (Chrono Boost)  
  57  5:50  Gateway  
  57  5:54  Stalker x2, Gateway  
  61  6:15  Zealot x2  
  60  6:27  Probe x2  
  47  6:47  Probe x2  
  47  6:49  Stalker x2  
  47  6:55  Immortal  
  47  6:59  Mothership Core, Adept x2  
  50  7:10  Zealot x2  
  50  7:21  Stalker  
  50  7:22  Stalker  
  52  7:35  Immortal  
  52  7:36  Sentry  
  58  7:38  Adept  
  60  7:55  Stalker  
  62  7:59  Zealot x3  
  68  8:11  Probe x2  
  70  8:19  Adept  
  72  8:20  Adept  
  72  8:23  Probe x2  
  76  8:35  Observer  
  77  9:07  Sentry  
  77  9:09  Adept x3  
  71  9:24  Nexus  
  71  9:31  Twilight Council  
  71  9:34  Assimilator  
  71  9:38  Assimilator  
  71  9:43  Pylon  
  71  9:44  Pylon  
  71  10:02  Probe x2  
  71  10:06  Adept x4  
  81  10:08  Charge (Chrono Boost)  
  81  10:18  Pylon  
  81  10:21  Pylon  
  81  10:26  Stalker x3  
  81  10:27  Stalker  
  87  10:56  Stalker x3  
  87  10:57  Stalker  
  92  11:11  Protoss Ground Armor Level 2 (Chrono Boost)  
  84  11:30  Zealot x3  
  84  11:31  Zealot  
  92  11:33  Observer  
  92  11:37  Nexus  
  93  11:40  Pylon  
  93  11:43  Resonating Glaives (Chrono Boost)  
  93  11:44  Pylon  
  91  11:52  Pylon  
  91  12:00  Probe x2  
  93  12:09  Templar Archives  
  93  12:12  Probe  
  93  12:13  Probe  
  95  12:21  Zealot x3  
  101  12:25  Mothership Core  
  101  12:29  Photon Cannon  
  103  12:52  Probe  
  103  12:53  Probe x2  
  103  12:56  Psionic Storm  
  106  13:00  High Templar x3  
  106  13:01  High Templar  
  114  13:07  Archon x2  
  114  13:09  Probe  
  114  13:10  Probe  
  116  13:24  Protoss Ground Weapons Level 2 (Chrono Boost)  
  116  13:35  Pylon  
  116  13:37  Gateway  
  116  13:40  Gateway, High Templar x2  
  120  13:41  Zealot  
  120  13:42  Gateway, Zealot  
  120  13:46  Pylon  
  124  13:49  Photon Cannon  
  124  13:52  Probe x2  
  126  13:57  Photon Cannon  
  126  13:59  Photon Cannon  
  126  14:20  High Templar x2  
  126  14:21  Zealot  
  126  14:22  Zealot  
  134  14:28  Warp Prism  
  135  14:44  Assimilator  
  135  14:50  High Templar x2  
  139  14:55  Zealot x5  
  139  14:59  Pylon  
  149  15:01  Pylon  
  149  15:02  Pylon, Assimilator  
  149  15:12  Warp Prism  
  151  15:27  Zealot x3  
  151  15:28  Zealot x4  
  163  15:43  Pylon  
  163  15:45  Pylon  
  163  15:49  Pylon, Photon Cannon  
  163  15:59  Dark Shrine  
  155  16:09  Archon  
  155  16:10  Archon  
  149  16:13  Zealot x4  
  149  16:14  Zealot x3  
Tags
 
Add a new tag
Caveats
  • Supply blocks, unpowered buildings, or Contaminate may cause inaccurate times.
  • Supply counts are checked every 10 seconds.